 Dungeon Crawl Stone Soup version 0.29-a0-909-g30c7767f5c (webtiles) character file.

Game seed: 16894750770532737891

9292 Malachi the Grappler (level 11, -3/104 HPs)
             Began as a Ghoul Gladiator on July 25, 2022.
             Was an Initiate of Gozag.
             Slain by a death yak (12 damage)
             ... on level 9 of the Dungeon.
             The game lasted 00:13:03 (9295 turns).

Malachi the Grappler (Ghoul Gladiator)              Turns: 9295, Time: 00:13:04

Health: -3/104     AC: 21    Str: 20 (22) XL:     11   Next: 44%
Magic:  10/10      EV:  7    Int:  0 (2)  God:    Gozag
Gold:   1792       SH:  5    Dex:  9 (11) Spells: 10/10 levels left

rFire   . . .      SeeInvis +     - Unarmed
rCold   + + .      Faith    .   (no shield)
rNeg    + + +      Spirit   .   k - +0 plate armour
rPois   ∞          Reflect  +   b - +0 helmet
rElec   .          Harm     .   q - +2 ratskin cloak {*Rats rPois rN+ Str-1 Int-1 Dex+1}
rCorr   .          Rampage  .   (no gloves)
Will    .....                   a - +2 pair of boots
Stlth   ..........              g - amulet of reflection
HPRegen 0.00/turn               r - ring of protection from cold
MPRegen 0.12/turn               u - ring of see invisible

@: inhibited regen, slowed, lost intelligence, unable to read, very slow
A: claws 1, cold resistance 1, negative energy resistance 3, inhibited
regeneration, torment resistance 2, devour on kill
a: Renounce Religion, Potion Petition, Call Merchant, Bribe Branch


You were on level 9 of the Dungeon.
You worshipped Gozag.
Gozag was most pleased with you.
You visited 2 branches of the dungeon, and saw 10 of its levels.

You collected 2052 gold pieces.
You spent 260 gold pieces at shops.

Inventory:

Hand Weapons
 n - a +0 war axe of flaming
Missiles
 c - 2 throwing nets (quivered)
 d - 3 javelins
 B - 6 silver javelins
Armour
 a - a +2 pair of boots (worn)
 b - a +0 helmet (worn)
 k - a +0 plate armour (worn)
 q - the +2 ratskin cloak (worn) {*Rats rPois rN+ Str-1 Int-1 Dex+1}
   (You found it on level 2 of the Dungeon)

   When the wearer is hurt, rats may emerge from it to assist them.
   Str:       It affects your strength (-1).
   Int:       It affects your intelligence (-1).
   Dex:       It affects your dexterity (+1).
   rPois:     It protects you from poison.
   rN:        It protects you from negative energy.
Jewellery
 g - an amulet of reflection (around neck)
 l - a ring of willpower
 r - a ring of protection from cold (left claw)
 u - a ring of see invisible (right claw)
 F - a ring of ice
Wands
 w - a wand of roots (5)
 y - a wand of flame (14)
 C - a wand of charming (13)
Scrolls
 e - a scroll of amnesia
 i - 2 scrolls of brand weapon
 j - a scroll of magic mapping
 m - 6 scrolls of fear
 v - a scroll of butterflies
 x - a scroll of enchant weapon
 z - 2 scrolls of teleportation
 A - a scroll of blinking
 D - 2 scrolls of enchant armour
 G - a scroll of silence
Potions
 f - 3 potions of flight
 h - 3 potions of brilliance
 p - a potion of haste
 t - 4 potions of curing


   Skills:
 - Level 12.0 Fighting
 - Level 1.8 Throwing
 + Level 8.3 Armour
 - Level 2.7 Dodging
 - Level 12.0 Unarmed Combat


You had 10 spell levels left.
You didn't know any spells.
Your spell library contained the following spells:

 Spells                   Type           Power      Damage    Failure   Level
 Blink                    Tloc           0%         N/A       100%        2
 Lesser Beckoning         Tloc           0%         N/A       100%        3
 Airstrike                Air            0%         0-1+      100%        4
 Summon Lightning Spire   Summ/Air       0%         N/A       100%        4
 Lightning Bolt           Conj/Air       0%         1d11      100%        5
 Manifold Assault         Tloc           0%         N/A       100%        5
 Haunt                    Necr/Summ      0%         N/A       100%        7
 Infestation              Necr           0%         N/A       100%        8
 Animate Dead             Necr           Unusable   N/A       N/A         4

Dungeon Overview and Level Annotations

Branches:
Dungeon (9/15)             Temple (1/1) D:5            Lair (0/5) D:9
    Orc (0/2) D:9

Altars:
Ashenzari
Cheibriados
Dithmenos
Fedhas
Gozag
Hepliaklqana
Kikubaaqudgha
Makhleb
Nemelex Xobeh
Okawaru
Qazlal
Ru
Sif Muna
Trog
Uskayaw
Vehumet
Wu Jian
Xom
Yredelemnul

Shops:
D:1 *


Innate Abilities, Weirdness & Mutations

You are immune to poison.
You have sharp fingernails.
Your flesh is cold resistant. (rC+)
You are immune to negative energy. (rN+++)
You do not regenerate when monsters are visible.
You are immune to unholy pain and torment.
You thrive by killing the living.


Message History

Roots grab the death yak.
The grasping roots constrict the death yak, but do no damage.
The death yak struggles to escape constriction.
Aiming: Throw Flame
Press: ? - help, Shift-Dir - straight line, f/p - death yak
Aim: a death yak (moderately wounded, constricted by roots, 100% to hit)
The puff of flame hits the death yak.
The death yak is heavily wounded.
You feel yourself slow down.
The grasping roots constrict the death yak.
The roots release their grip on the death yak.
Aiming: Throw Flame
Press: ? - help, Shift-Dir - straight line, f/p - death yak
Aim: a death yak (heavily wounded, 89% to hit)
The puff of flame misses the death yak.
The puff of flame hits the hell rat but does no damage.
Unknown command.
Okay, then.
Aiming: Fastroot
Press: ? - help, Shift-Dir - straight line, f/p - death yak
Aim: a death yak (heavily wounded)
The roots erupt in riotous growth!
Roots grab the death yak.
Roots grab the hell rat.
The grasping roots constrict the hell rat!
The grasping roots constrict the death yak.
The death yak struggles to escape constriction. x2
The grasping roots constrict the hell rat!
The grasping roots constrict the death yak!
The roots release their grip on the hell rat.
The roots release their grip on the death yak.
You scratch the death yak.
The death yak is severely wounded.
The death yak gores you!
* * * LOW HITPOINT WARNING * * *
You completely miss the death yak.
The death yak is severely wounded.
The death yak closely misses you. The death yak gores you!
You die...
Your body crumbles into a pile of gold.

## ############### .#
#rrrr.rrY@...[#
.#######.###########.#
.........#####
......<...$rr#
.##########rr.# .##
.r....# ..# .......
#.# ....... #.#
...r...


You could see a death yak, a hell rat, a river rat, a quokka and 2 rats.

Vanquished Creatures
  A boulder beetle (D:9)
  2 two-headed ogres (D:8)
  A centaur warrior (D:8)
  2 death yaks (D:9)
  A troll (D:9)
  Prince Ribbit (D:7)
  A wraith (D:9)
  9 yaks (D:9)
  3 steam dragons
  An acid dragon (D:8)
  3 water moccasins
  2 ice beasts (D:6)
  2 sky beasts
  3 black bears
  3 ogres (D:5)
  3 centaurs
  3 phantoms
  2 kobold brigands
  A bullfrog (D:7)
  3 necrophages
  5 scorpions
  A troll zombie (D:9)
  A howler monkey (D:8)
  4 orc priests
  Crazy Yiuf (D:4)
  3 jellies
  6 iguanas
  Natasha (thrice) (D:4)
  4 orc wizards
  7 ogre zombies (D:9)
  3 gnolls (D:2)
  6 adders
  2 white imps
  3 worms
  2 dart slugs
  22 orcs
  3 bats
  6 endoplasms
  9 goblins
  6 hobgoblins
  3 jackals
  4 quokkas
  4 ball pythons
  3 frilled lizards
  5 goblin zombies (D:9)
  2 hobgoblin skeletons (D:9)
  3 hobgoblin zombies (D:9)
  12 kobolds
  2 orc skeletons (D:9)
  13 orc zombies (D:9)
  8 rats
203 creatures vanquished.

Vanquished Creatures (collateral kills)
  An orc warrior (D:7)
  2 orcs (D:7)
3 creatures vanquished.

Grand Total: 206 creatures vanquished

Notes
Turn   | Place    | Note
-------+----------+-------------------------------------------
     0 | D:1      | Malachi the Ghoul Gladiator began the quest for the Orb.
     0 | D:1      | Reached XP level 1. HP: 17/17 MP: 0/0
   241 | D:1      | Found Keolum's General Store.
   274 | D:1      | Noticed a shining eye
   276 | D:1      | Found a faded altar of an unknown god.
   278 | D:1      | Noticed a floating eye
   283 | D:1      | Noticed a great orb of eyes
   287 | D:1      | Noticed a golden eye
   434 | D:1      | Prayed at the altar of an unknown god.
   434 | D:1      | Became a worshipper of Gozag Ym Sagoz the Greedy
   674 | D:1      | Reached XP level 2. HP: 24/24 MP: 1/1
  1150 | D:1      | Bought a +0 pair of boots for 45 gold pieces
  1594 | D:2      | Reached XP level 3. HP: 28/29 MP: 2/2
  1919 | D:2      | Found the +2 ratskin cloak {*Rats rPois rN+ Str-1 Int-1
                  | Dex+1}
  1926 | D:2      | Reached skill level 5 in Unarmed Combat
  2059 | D:2      | Reached XP level 4. HP: 21/36 MP: 3/3
  2611 | D:3      | Reached XP level 5. HP: 41/41 MP: 4/4
  3115 | D:1      | Bought a potion of haste for 100 gold pieces
  3115 | D:1      | Bought a scroll of enchant armour for 75 gold pieces
  3115 | D:1      | Bought a scroll of butterflies for 40 gold pieces
  3362 | D:4      | Noticed Natasha
  3370 | D:4      | Killed Natasha
  3467 | D:4      | Noticed a black bear
  3485 | D:4      | Killed a black bear
  3486 | D:4      | Reached XP level 6. HP: 40/48 MP: 5/5
  3755 | D:4      | Found a runed translucent door.
  3756 | D:4      | Noticed Crazy Yiuf
  3846 | D:4      | Noticed Natasha
  3853 | D:4      | Killed Natasha
  3854 | D:4      | Reached XP level 7. HP: 55/55 MP: 6/6
  3943 | D:4      | Noticed Natasha
  3950 | D:4      | Killed Natasha
  3981 | D:4      | Killed Crazy Yiuf
  4136 | D:5      | Entered Level 5 of the Dungeon
  4173 | D:5      | Found a staircase to the Ecumenical Temple.
  4218 | Temple   | Entered the Ecumenical Temple
  4388 | D:5      | Reached skill level 10 in Unarmed Combat
  4463 | D:5      | Found a radiant altar of Vehumet.
  4463 | D:5      | Found a shimmering blue altar of Sif Muna.
  4464 | D:5      | Found a bloodstained altar of Trog.
  4464 | D:5      | Found a sparkling altar of Nemelex Xobeh.
  4478 | D:5      | Reached XP level 8. HP: 36/61 MP: 7/7
  4629 | D:5      | Found a shimmering altar of Xom.
  4630 | D:5      | Found a shadowy altar of Dithmenos.
  4630 | D:5      | Found a basalt altar of Yredelemnul.
  4631 | D:5      | Found an opulent altar of Gozag.
  5388 | D:6      | Reached XP level 9. HP: 72/72 MP: 8/8
  5508 | D:6      | Reached skill level 5 in Fighting
  6194 | D:7      | Noticed Prince Ribbit
  6202 | D:7      | Killed Prince Ribbit
  6836 | D:8      | Noticed a two-headed ogre
  6845 | D:8      | Killed a two-headed ogre
  6846 | D:8      | Reached skill level 10 in Fighting
  6846 | D:8      | Reached XP level 10. HP: 94/94 MP: 9/9
  7207 | D:8      | Noticed a centaur warrior
  7226 | D:8      | Killed a centaur warrior
  7502 | D:8      | Noticed a two-headed ogre
  7513 | D:8      | Killed a two-headed ogre
  8126 | D:9      | Noticed a boulder beetle
  8462 | D:9      | Killed a boulder beetle
  8463 | D:9      | Reached skill level 5 in Armour
  8463 | D:9      | Reached XP level 11. HP: 57/104 MP: 10/10
  8760 | D:9      | Found a staircase to the Orcish Mines.
  9240 | D:9      | Found a staircase to the Lair.
  9240 | D:9      | Noticed a death yak
  9240 | D:9      | Noticed a death yak
  9245 | D:9      | Lost intelligence.
  9245 | D:9      | Noticed a death yak
  9262 | D:9      | Killed a death yak
  9272 | D:9      | Killed a death yak
  9295 | D:9      | Slain by a death yak

Illustrated notes

Levels and vault maps discovered:
D:1:      dpeg_arrival_lava_temple_mockup, layout_loops_cross, serial_shops,
          nicolae_shop_hallway_plus, hellmonk_ecumenical_altar_watching_god
D:2:      layout_rooms, minmay_goblin_kobold_house
D:3:      layout_basic, minmay_joined_circles
D:4:      layout_loops_ring, uniq_crazy_yiuf_cottage, uniq_natasha
D:5:      layout_rooms, nicolae_overflows_in_rows, minmay_temple_entry_offerings
D:6:      layout_gridville, chequers_avenue, hangedman_decor_slide_cut
D:7:      layout_cave_pools, uniq_prince_ribbit1
D:8:      layout_gridville
D:9:      layout_loops_ring, dpeg_lair_monsters, zombieorc2_lemuel,
          serial_demonic, serial_demonic_g, serial_demonic_b, serial_demonic_e,
          serial_demonic_e
Temple:   nicolae_temple_x_marks_the_god

Skill      XL: |  1  2  3  4  5  6  7  8  9 10 11 |
---------------+----------------------------------+-----
Unarmed Combat | 4 5 6 7 8 10 12 | 12.0
Fighting       | 4 10 12 | 12.0
Armour         | 5 8 |  8.3
Throwing       | |  1.8
Dodging        | |  2.7

Action                   |  1- 3 |  4- 6 |  7- 9 | 10-12 || total
-------------------------+-------+-------+-------+-------++-------
Melee: Unarmed           |    81 |   130 |   221 |   251 ||   683
       Punch             |       |       |    13 |    17 ||    30
Throw: Throwing net      |       |       |       |     1 ||     1
Evoke: Wand              |       |       |     8 |     9 ||    17
  Use: Scroll            |       |    12 |     6 |     1 ||    19
       Potion            |       |       |     1 |     7 ||     8
 Stab: Held in net/web   |       |       |       |     1 ||     1
       Distracted        |       |       |       |     1 ||     1
Armor: Leather armour    |    11 |       |       |       ||    11
       Plate armour      |    25 |    82 |   104 |   109 ||   320
Dodge: Dodged            |    47 |    18 |    37 |    58 ||   160
Block: Other             |       |       |    26 |    35 ||    61
       Reflection        |       |       |     1 |       ||     1

Table legend: (Time is in decaauts)
 A = Elapsed time spent in this place.
 B = Non-inter-level travel time spent in this place.
 C = Inter-level travel time spent in this place.
 D = Time resting spent in this place.
 E = Time spent auto-exploring this place.
 F = Levels seen in this place.
 G = Mean time per level.
                   A        B        C        D        E       F      G
               +--------+--------+--------+--------+--------+-----+--------+
         Total |   9159 |   8778 |    381 |    901 |   6445 |  10 |  915.9 |
       Dungeon |   9047 |   8672 |    375 |    901 |   6345 |   9 | 1005.2 |
        Temple |    111 |    105 |      6 |      0 |    100 |   1 |  111.0 |
               +--------+--------+--------+--------+--------+-----+--------+

Top non-repeatable levels by time:
     D:8: 1690 daAuts
     D:1: 1568 daAuts
     D:4: 941 daAuts
     D:9: 905 daAuts
     D:5: 871 daAuts
     D:3: 820 daAuts
     D:6: 813 daAuts
     D:2: 784 daAuts
     D:7: 651 daAuts
  Temple: 111 daAuts
